 Dungeon Crawl Stone Soup version 0.29.1-15-g9cfb28693d (webtiles) character file.

Game seed: 1841000467569494496

107703 drjones the Fighter (level 16, -17/103 HPs)
             Began as a Gargoyle Earth Elementalist on Apr 10, 2023.
             Was the Champion of Vehumet.
             Demolished by a culicivora (18 damage)
             ... on level 2 of the Spider Nest on Apr 11, 2023.
             The game lasted 03:30:01 (33316 turns).

drjones the Fighter (Gargoyle Earth Elementalist)  Turns: 33316, Time: 03:30:02

Health: -17/103    AC: 25    Str: 13 (14) XL:     16   Next: 47%
Magic:  0/31       EV: 16    Int: 22      God:    Vehumet [******]
Gold:   920        SH: 12    Dex: 15 (16) Spells: 2/37 levels left

rFire   . . .      SeeInvis .   a - +2 scimitar (flame)
rCold   + . .      Faith    .   U - +2 buckler
rNeg    + . .      Spirit   .   x - +2 robe {rC+}
rPois   ∞          Reflect  +   M - +2 hat
rElec   +          Harm     .   K - +1 cloak
rCorr   .          Rampage  .   X - +2 pair of gloves
Will    ++...                   H - +1 pair of boots
Stlth   ++++......              j - amulet of reflection
HPRegen 0.27/turn               t - +6 ring of intelligence
MPRegen 0.22/turn               h - ring of willpower

@: flying
A: sickness immunity, AC +12, big wings, negative energy resistance 1,
electricity resistance, torment resistance 1, petrification resistance
a: Renounce Religion


You were on level 2 of the Spider Nest.
You worshipped Vehumet.
Vehumet was exalted by your worship.
You visited 6 branches of the dungeon, and saw 26 of its levels.
You also visited: Sewer and Volcano.

You collected 2509 gold pieces.
You spent 1589 gold pieces at shops.

Inventory:

Hand Weapons
 a - a +2 scimitar of flaming (weapon)
 b - the +8 short sword of Piagi {flame, Int+4}
   (You found it in a sewer)

   It burns those it strikes, dealing additional fire damage.
   Int:       It affects your intelligence (+4).
 s - a +3 dagger of venom
 D - a +4 morningstar of freezing
 L - a +2 dagger of electrocution
 S - the +6 short sword "Emic" {vorpal, rF- Will+ Int+2}
   (You found it on level 4 of the Lair of Beasts)

   It inflicts extra damage upon your enemies.
   Int:       It affects your intelligence (+2).
   rF:        It makes you vulnerable to fire.
   Will:      It increases your willpower.
Missiles
 w - 3 throwing nets
Armour
 v - a +0 robe of willpower
 x - a +2 robe of cold resistance (worn)
 E - the -2 pair of gloves of Disappointment {rF+}
   (You bought it in a shop on level 2 of the Orcish Mines)

   rF:        It protects you from fire.
 H - a +1 pair of boots (worn)
 K - a +1 cloak (worn)
 M - a +2 hat (worn)
 O - a +1 leather armour of fire resistance
 U - a +2 buckler (worn)
 X - a +2 pair of gloves (worn)
Jewellery
 h - a ring of willpower (right hand)
 j - an amulet of reflection (around neck)
 o - a ring of willpower
 t - a +6 ring of intelligence (left hand)
 B - a ring of resist corrosion
 Q - a +6 ring of intelligence
 R - a ring of protection from cold
 V - a ring of protection from fire
Scrolls
 c - 5 scrolls of poison
 i - 8 scrolls of immolation
 k - 8 scrolls of teleportation
 l - 4 scrolls of fog
 p - 2 scrolls of summoning
 r - 5 scrolls of enchant armour
 y - a scroll of amnesia
 z - 3 scrolls of blinking
 C - a scroll of vulnerability {unknown}
 G - 3 scrolls of brand weapon
 I - 2 scrolls of torment
 J - 3 scrolls of magic mapping
 P - 2 scrolls of enchant weapon
 T - 3 scrolls of fear
Potions
 d - 8 potions of curing
 e - 4 potions of cancellation
 f - a potion of magic
 g - 2 potions of ambrosia {unknown}
 m - 4 potions of brilliance
 n - 3 potions of haste
 q - 2 potions of berserk rage {unknown}
 u - a potion of heal wounds
 F - 2 potions of resistance {unknown}
 N - 5 potions of might


   Skills:
 + Level 12.5 Fighting
 - Level 0.2(6.6) Short Blades
 + Level 10.5 Long Blades
 + Level 9.8 Dodging
 - Level 9.4 Stealth
 - Level 5.9 Shields
 + Level 11.4 Spellcasting
 - Level 11.2 Conjurations
 - Level 4.0 Hexes
 - Level 3.9 Translocations
 - Level 4.0 Transmutations
 - Level 4.0 Fire Magic
 + Level 10.8 Earth Magic


You had 2 spell levels left.
You knew the following spells:

 Your Spells              Type           Power      Damage    Failure   Level
a - Inner Flame           Hex/Fire       30%        N/A       1%          3
b - Passwall              Tmut/Erth      37%        N/A       1%          2
c - Stone Arrow           Conj/Erth      100%       3d13      1%          3
d - Lee's Rapid Deconstr  Erth           28%        3d16*     1%          5
e - Petrify               Tmut/Erth      45%        N/A       3%          4
f - Flame Wave            Conj/Fire      46%        2d12      1%          4
g - Irradiate             Conj/Tmut      23%        3d19      2%          5
h - Passage of Golubria   Tloc           29%        N/A       13%         4
i - Iskenderun's Battles  Conj           58%        2d11      1%          5

Your spell library contained the following spells:

 Spells                   Type           Power      Damage    Failure   Level
 Beastly Appendage        Tmut           60%        N/A       1%          1
 Foxfire                  Conj/Fire      100%       2x1d9     1%          1
 Magic Dart               Conj           100%       1d8       1%          1
 Sandblast                Erth           100%       2d20      1%          1
 Slow                     Hex            100%       N/A       1%          1
 Searing Ray              Conj           100%       2d8       1%          2
 Wereblood                Tmut           30%        N/A       1%          2
 Ensorcelled Hibernation  Hex/Ice        42%        N/A       4%          2
 Conjure Flame            Conj/Fire      46%        6-21      1%          3
 Fulminant Prism          Conj/Hex       23%        3d13      1%          4
 Confusing Touch          Hex            30%        N/A       3%          3
 Tukima's Dance           Hex            30%        N/A       3%          3
 Leda's Liquefaction      Hex/Erth       22%        N/A       3%          4
 Spider Form              Tmut/Pois      21%        N/A       9%          3
 Yara's Violent Unravell  Hex/Tmut       15%        3d8       10%         5
 Vampiric Draining        Necr           12%        2d6       21%         3
 Anguish                  Hex/Necr       10%        N/A       28%         4
 Statue Form              Tmut/Erth      Unusable   N/A       N/A         6

Dungeon Overview and Level Annotations

Branches:
Dungeon (13/15)            Temple (1/1) D:4            Lair (5/5) D:8
  Swamp (2/4) Lair:3       Spider (3/4) Lair:2        Slime (0/5) Lair:4
    Orc (2/2) D:11            Elf (0/3) Orc:2         Sewer (visited)
Volcano (visited)
 Vaults: D:13-14

Altars:
Ashenzari
Cheibriados
Dithmenos
Elyvilon
Fedhas
Gozag
Hepliaklqana
Kikubaaqudgha
Makhleb
Nemelex Xobeh
Okawaru
Qazlal
Ru
Sif Muna
Trog
Uskayaw
Vehumet
Wu Jian
Xom
Yredelemnul
Zin
The Shining One
Jiyva
Lugonu

Shops:
D:7 :   D:11 =   D:12 [   Orc:2 [*(:

Portals:
Abyss: D:9

Annotations:
D:5 3 runed translucent doors, diceflayer's ghost, novice DsFi
D:7 3 runed translucent doors, ioannis32's ghost, novice DsBe
D:12 1 runed translucent door, Swamplord's ghost, journeyman HOFi
Lair:1 exclusion: oklob plant


Innate Abilities, Weirdness & Mutations

You are immune to sickness and miasma.
Your stone body is resilient. (AC +12)
You are immune to poison.
Your large and strong wings let you fly.
You resist negative energy. (rN+)
You are resistant to electric shocks. (rElec)
You are resistant to unholy torment.
You are immune to petrification.


Message History

You feel you are being watched by something.
Something hits you but does no damage.
Deactivating autopickup; reactivate with Ctrl-A.
Something hits you but does no damage.
Something stings you but does no damage.
The culicivora bites you!
You fly upwards.
Reactivating autopickup.
There is a stone staircase leading down here.
You barely miss the culicivora.
The culicivora is heavily wounded.
Something hits you but does no damage.
Deactivating autopickup; reactivate with Ctrl-A.
Something hits you but does no damage. Something barely misses you.
The culicivora bites you but does no damage.
Something hits you! You block something's attack.
Something stings you but does no damage.
You slash the culicivora! You burn the culicivora.
The culicivora is almost dead.
The culicivora bites you! You block something's attack. Something hits you!
You feel weakened. Something barely misses you.
The culicivora attacks as you move away!
The culicivora bites you but does no damage.
The culicivora barely misses you.
You feel you are being watched by something.
You feel your power leaking away.
You feel you are being watched by something.
Something hits you but does no damage. Something hits you!
* * * LOW HITPOINT WARNING * * *
Something stings you but does no damage.
There is an escape hatch in the ceiling here.
You block the culicivora's attack. Something hits you!
* * * LOW HITPOINT WARNING * * *
Something hits you!
* * * LOW HITPOINT WARNING * * *
Something stings you!
* * * LOW HITPOINT WARNING * * *
The culicivora bites you!!
You die...

...#..........#..##.........#....
...^#....##......#.........#....^
....#.......#........#....#......
........#....#...#......##^...|<.
.#..........................#...#
...........#....#...........)....
....#...#...........##..#...#...#
..#...#...........#....#.........
^...#......#....@s.....#.........
.#^..............{>...#.......#.#
...........................^##...
.#.....#.#...<..........#...^....
............#.#..#.......(.......
......#......#......#.......#....
.........#.#....#...#..........#.
..#...#..#...#^.....#^..........#
.#...#................#...#......


You could see a culicivora.

Vanquished Creatures
  Arachne (Spider:2)
  Gastronok (Orc:1)
  2 emperor scorpions (Spider:1)
  3 orc warlords (Orc:2)
  Aizul (Spider:1)
  A ghost moth (Spider:1)
  2 eleionomae (Swamp:1)
  A bunyip (Swamp:2)
  Fannar (D:10)
  Josephine (Orc:1)
  11 hydras
  Erolcha (D:11)
  3 boulder beetles
  3 two-headed ogres
  A ghost crab (Swamp:1)
  2 alligators (Swamp:1)
  7 death yaks
  2 orc high priests (Orc:2)
  Urug (D:12)
  16 spriggans
  A hell knight (Volcano)
  A pharaoh ant (Spider:1)
  A salamander mystic (Volcano)
  3 goliath frogs (Swamp:1)
  A spriggan druid (Swamp:1)
  2 swamp dragons
  Lodul (D:11)
  2 steelbarb worms
  3 orb spiders
  A lindwurm (Orc:2)
  5 wolf spiders
  6 orc sorcerers
  An orc knight (Orc:2)
  A manticore (D:13)
  4 salamanders (Volcano)
  2 cyclopes
  2 will-o-the-wisps (Swamp:1)
  4 black mambas
  Joseph (D:10)
  A molten gargoyle (Volcano)
  4 elephants (Lair:4)
  3 gargoyles
  A torpor snail (Spider:1)
  A rime drake (Lair:4)
  7 orange demons (D:10)
  5 cane toads
  An unseen horror (shapeshifter) (D:13)
  2 unseen horrors
  4 komodo dragons
  7 trolls
  6 demonic crawlers (Spider:1)
  A red devil (D:10)
  2 polar bears (Lair:5)
  5 tarantellas
  11 slime creatures (D:12)
  Prince Ribbit (Lair:3)
  6 hornets
  5 tyrant leeches
  29 blink frogs
  8 dream sheep
  Sigmund (D:4)
  6 jumping spiders (Spider:1)
  2 shadows
  A centaur simulacrum (D:13)
  6 culicivoras
  A water elemental (D:12)
  Eustachio (D:4)
  46 yaks
  6 fire bats (Volcano)
  7 wraiths
  6 wyverns
  A basilisk (Lair:1)
  21 redbacks
  8 swamp worms
  3 wargs
  3 vampire mosquitoes
  Menkaure (D:5)
  13 water moccasins
  3 acid dragons
  30 orc warriors
  A swamp drake (Swamp:1)
  7 black bears
  3 ice beasts
  12 ogres
  4 boggarts (Lair:5)
  39 wolves
  A phantom (D:6)
  5 centaurs
  A kobold brigand (D:7)
  13 bullfrogs
  9 scorpions
  A gnoll sergeant (D:12)
  7 wights
  23 killer bees
  4 howler monkeys
  4 electric eels (D:12)
  6 lava snakes (Volcano)
  2 hounds
  A jelly (D:6)
  12 orc priests
  A gnoll bouda (D:7)
  3 iguanas
  19 orc wizards
  A killer bee zombie (D:8)
  A howler monkey zombie (D:8)
  20 gnolls
  9 adders
  2 shadow imps (D:6)
  6 white imps
  An ufetubus (D:7)
  6 dart slugs
  73 orcs
  A bat (D:2)
  15 endoplasms
  14 giant cockroaches
  16 goblins
  3 hobgoblins
  7 jackals
  13 quokkas
  10 ball pythons
  11 frilled lizards
  13 kobolds
  7 rats
  3 lurking horrors (D:9)
789 creatures vanquished.

Vanquished Creatures (others)
  4 foxfires (Swamp:1)
  63 fungi
  32 plants
  2 withered plants (D:12)
101 creatures vanquished.

Grand Total: 890 creatures vanquished

Notes
Turn   | Place    | Note
-------+----------+-------------------------------------------
     0 | D:1      | drjones the Gargoyle Earth Elementalist began the quest for
                  | the Orb.
     0 | D:1      | Reached XP level 1. HP: 10/10 MP: 3/3
     9 | D:1      | Found a faded altar of an unknown god.
    64 | D:1      | Reached skill level 1 in Transmutations
    98 | D:1      | Reached XP level 2. HP: 15/15 MP: 3/5
   102 | D:1      | Learned a level 2 spell: Passwall
   824 | D:2      | Reached XP level 3. HP: 19/19 MP: 4/6
  1515 | D:3      | Reached XP level 4. HP: 24/24 MP: 4/8
  1620 | D:3      | Identified the +2 chain mail of Going Fast {+Blink}
  1623 | D:3      | Reached XP level 5. HP: 28/28 MP: 4/9
  1717 | D:3      | Reached skill level 5 in Earth Magic
  1723 | D:3      | Learned a level 3 spell: Stone Arrow
  1819 | D:3      | Found a glowing drain.
  1831 | Sewer    | Entered a sewer
  2210 | Sewer    | Reached skill level 1 in Conjurations
  2346 | Sewer    | Reached XP level 6. HP: 30/32 MP: 8/11
  2350 | Sewer    | Identified the +8 short sword of Piagi {flame, Int+4}
  2818 | D:3      | Reached XP level 7. HP: 36/36 MP: 9/13
  3290 | D:4      | Noticed Eustachio
  3294 | D:4      | Killed Eustachio
  3295 | D:4      | Reached skill level 1 in Fighting
  3447 | D:4      | Noticed Sigmund
  3461 | D:4      | Killed Sigmund
  3462 | D:4      | Reached skill level 1 in Long Blades
  3462 | D:4      | Reached XP level 8. HP: 44/44 MP: 7/14
  3587 | D:4      | Found a staircase to the Ecumenical Temple.
  3596 | Temple   | Entered the Ecumenical Temple
  3665 | Temple   | Became a worshipper of Vehumet
  4029 | D:5      | Entered Level 5 of the Dungeon
  4047 | D:5      | Reached skill level 2 in Fighting
  4164 | D:5      | Found a runed translucent gate.
  4165 | D:5      | Found a runed translucent gate.
  4166 | D:5      | Found a runed translucent gate.
  4170 | D:5      | Noticed diceflayer's ghost (novice DsFi)
  4206 | D:5      | Noticed a hornet
  4279 | D:5      | Killed a hornet
  4355 | D:5      | Found an iron altar of Okawaru.
  4404 | D:5      | Noticed Menkaure
  4407 | D:5      | Killed Menkaure
  4408 | D:5      | Reached skill level 5 in Spellcasting
  4660 | D:6      | Reached skill level 3 in Fighting
  4713 | D:6      | Reached * piety under Vehumet
  4713 | D:6      | Offered knowledge of Magic Dart by Vehumet.
  4716 | D:6      | Learned a level 1 spell: Magic Dart
  4803 | D:6      | Reached XP level 9. HP: 51/51 MP: 11/16
  5013 | D:6      | Reached skill level 5 in Conjurations
  5075 | D:6      | Reached skill level 5 in Stealth
  5150 | D:6      | Found an opulent altar of Gozag.
  5317 | D:6      | Found a burning altar of Makhleb.
  5317 | D:6      | Found a glowing silver altar of Zin.
  5318 | D:6      | Noticed an angel
  5318 | D:6      | Noticed a balrug
  5594 | D:6      | Found a sacrificial altar of Ru.
  5650 | D:7      | Reached skill level 4 in Fighting
  5960 | D:7      | Noticed ioannis32's ghost (novice DsBe)
  5998 | D:7      | Offered knowledge of Poisonous Vapours by Vehumet.
  6152 | D:7      | Reached ** piety under Vehumet
  6332 | D:7      | Found a runed translucent gate.
  6332 | D:7      | Found a runed translucent gate.
  6335 | D:7      | Found a runed translucent gate.
  6374 | D:7      | Found a hide-covered altar of Uskayaw.
  6441 | D:7      | Reached XP level 10. HP: 58/58 MP: 9/18
  6818 | D:7      | Offered knowledge of Dazzling Flash by Vehumet.
  6876 | D:7      | Found Giasoxt's Book Boutique.
  6888 | D:7      | Learned a level 4 spell: Petrify
  6899 | D:7      | Identified the +1 leather armour of Valour {-Cast Will++
                  | Dex+4 Stlth+}
  7354 | D:8      | Found a basalt altar of Yredelemnul.
  7484 | D:8      | Reached skill level 5 in Fighting
  7872 | D:8      | Reached *** piety under Vehumet
  8082 | D:8      | Found a staircase to the Lair.
  8294 | D:9      | Found a white marble altar of Elyvilon.
  8355 | D:9      | Found an ornate altar of the Wu Jian Council.
  8390 | D:9      | Found a one-way gate to the infinite horrors of the Abyss.
  8457 | D:9      | Found a corrupted altar of Lugonu.
  8588 | D:9      | Found a bloodstained altar of Trog.
  8852 | Lair:1   | Entered Level 1 of the Lair of Beasts
  8853 | Lair:1   | Noticed a cane toad
  8860 | D:8      | Killed a cane toad
  9273 | Lair:1   | Offered knowledge of Frozen Ramparts by Vehumet.
  9276 | Lair:1   | Noticed a cane toad
  9281 | Lair:1   | Reached XP level 11. HP: 64/64 MP: 6/20
  9379 | Lair:1   | Reached skill level 6 in Fighting
  9502 | Lair:1   | Reached skill level 5 in Long Blades
  9502 | Lair:1   | Reached skill level 5 in Dodging
  9671 | Lair:1   | Noticed a seven-headed hydra
  9679 | Lair:1   | Killed a seven-headed hydra
  9855 | Lair:1   | Noticed a five-headed hydra
 10018 | Lair:1   | Killed a five-headed hydra
 10188 | Lair:1   | Learned a level 4 spell: Flame Wave
 10458 | Lair:1   | Noticed an oklob plant
 10661 | Lair:2   | Reached skill level 1 in Fire Magic
 10791 | Lair:2   | Noticed a five-headed hydra
 10797 | Lair:2   | Killed a five-headed hydra
 11099 | Lair:2   | Found a hole to the Spider Nest.
 11099 | Lair:2   | Noticed an orb spider
 11545 | Lair:3   | Reached skill level 7 in Fighting
 11994 | Lair:3   | Reached XP level 12. HP: 72/72 MP: 17/23
 12151 | Lair:3   | Noticed Prince Ribbit
 12164 | Lair:3   | Killed Prince Ribbit
 12290 | Lair:3   | Reached **** piety under Vehumet
 12671 | Lair:3   | Noticed a four-headed hydra
 12772 | Lair:3   | Killed a four-headed hydra
 12780 | Lair:3   | Offered knowledge of Irradiate by Vehumet.
 12787 | Lair:3   | Learned a level 5 spell: Irradiate
 12914 | Lair:3   | Reached skill level 8 in Fighting
 12962 | Lair:3   | Noticed a six-headed hydra
 12967 | Lair:3   | Killed a six-headed hydra
 13018 | Lair:3   | Found a staircase to the Swamp.
 13716 | Lair:4   | Identified the +6 short sword "Emic" {vorpal, rF- Will+
                  | Int+2}
 13741 | Lair:4   | Noticed a six-headed hydra
 13744 | Lair:4   | Killed a six-headed hydra
 13851 | Lair:4   | Found a staircase to the Slime Pits.
 13852 | Lair:4   | Found a viscous altar of Jiyva.
 14129 | Lair:5   | Entered Level 5 of the Lair of Beasts
 14280 | Lair:4   | Reached XP level 13. HP: 57/80 MP: 16/25
 14540 | Lair:5   | Reached skill level 9 in Fighting
 15741 | Lair:5   | Reached ***** piety under Vehumet
 15918 | Lair:5   | Offered knowledge of Airstrike by Vehumet.
 16787 | D:7      | Bought Great Wizards, Vol. VII for 420 gold pieces
 16792 | D:7      | Learned a level 4 spell: Passage of Golubria
 16798 | D:7      | Learned a level 5 spell: Yara's Violent Unravelling
 17413 | Lair:5   | Reached skill level 1 in Hexes
 17420 | Lair:5   | Reached skill level 1 in Translocations
 18282 | Lair:5   | Reached skill level 10 in Fighting
 18473 | Swamp:1  | Entered Level 1 of the Swamp
 18665 | Swamp:1  | Reached skill level 1 in Shields
 18665 | Swamp:1  | Gained mutation: Your large and strong wings let you fly.
                  | [Gargoyle growth]
 18665 | Swamp:1  | Reached XP level 14. HP: 88/88 MP: 19/27
 18671 | Swamp:1  | Noticed an eleionoma
 18682 | Swamp:1  | Killed an eleionoma
 20852 | Swamp:2  | Noticed an eleionoma
 20863 | Swamp:1  | Killed an eleionoma
 21384 | Swamp:2  | Noticed a thorn hunter
 21665 | D:9      | Found a blossoming altar of Fedhas.
 21955 | D:9      | Reached skill level 10 in Spellcasting
 22036 | D:10     | Entered Level 10 of the Dungeon
 22375 | D:10     | You are sucked into a shaft and drop 1 floor!
 22386 | D:11     | Found a staircase to the Orcish Mines.
 22481 | D:11     | Noticed Erolcha
 22490 | D:11     | Killed Erolcha
 22656 | D:11     | Noticed Lodul
 22761 | D:11     | Killed Lodul
 23018 | D:11     | Offered knowledge of Fireball by Vehumet.
 23024 | D:11     | Learned a level 3 spell: Inner Flame
 23459 | D:11     | Found Agapoecu's Jewellery Shoppe.
 23467 | D:11     | Bought a ring of willpower for 375 gold pieces
 24558 | D:10     | Noticed Fannar
 24581 | D:10     | Killed Fannar
 24942 | D:10     | Noticed Joseph
 24946 | D:10     | Killed Joseph
 24947 | D:10     | Reached XP level 15. HP: 93/93 MP: 17/29
 25364 | D:12     | Reached skill level 11 in Fighting
 25867 | D:12     | Found Oreoc's Armour Shop.
 26088 | D:12     | Noticed Urug
 26204 | D:12     | Reached skill level 5 in Shields
 26218 | D:12     | Killed Urug
 26618 | D:12     | Found a runed translucent door.
 26619 | D:12     | Noticed Swamplord's ghost (journeyman HOFi)
 26867 | D:13     | Reached skill level 10 in Conjurations
 27364 | Orc:1    | Entered Level 1 of the Orcish Mines
 27518 | Orc:1    | Noticed Josephine
 27538 | Orc:1    | Killed Josephine
 27764 | Orc:1    | Offered knowledge of Lee's Rapid Deconstruction by Vehumet.
 27783 | Orc:1    | Learned a level 5 spell: Lee's Rapid Deconstruction
 27819 | Orc:1    | Noticed Gastronok
 27825 | Orc:1    | Killed Gastronok
 28121 | Orc:2    | Entered Level 2 of the Orcish Mines
 28408 | Orc:2    | Found a dark tunnel.
 28464 | Volcano  | Entered a volcano
 28588 | Volcano  | Found a burning altar of Makhleb.
 28850 | Orc:2    | Found Xofuvaecs's Book Boutique.
 29064 | Orc:2    | Bought a book of the Earth for 360 gold pieces
 29262 | Orc:2    | Noticed an orc warlord
 29309 | Orc:2    | Killed an orc warlord
 29510 | Orc:2    | Noticed an orc warlord
 29541 | Orc:2    | Killed an orc warlord
 29544 | Orc:2    | Reached skill level 10 in Long Blades
 29694 | Orc:2    | Found Mayppi's General Store.
 29720 | Orc:2    | Noticed an orc warlord
 29761 | Orc:2    | Killed an orc warlord
 29929 | Orc:2    | Reached skill level 10 in Earth Magic
 30007 | Orc:2    | Bought a scroll of blinking for 82 gold pieces
 30007 | Orc:2    | Bought a scroll of fear for 44 gold pieces
 30007 | Orc:2    | Bought a scroll of identify for 22 gold pieces
 30115 | Orc:2    | Bought a +0 cloak for 49 gold pieces
 30137 | Orc:2    | Found Xaemeel's Antique Armour Shoppe.
 30145 | Orc:2    | Bought a pair of pitted gloves for 237 gold pieces
 30145 | Orc:2    | Identified the -2 pair of gloves of Disappointment {rF+}
                  | (You bought it in a shop on level 2 of the Orcish Mines)
 30386 | Orc:2    | Found a staircase to the Elven Halls.
 30404 | Orc:2    | Found Roz Kaq's Antique Weapon Shop.
 30908 | Spider:1 | Entered Level 1 of the Spider Nest
 30910 | Spider:1 | Reached skill level 12 in Fighting
 30911 | Spider:1 | Reached XP level 16. HP: 101/101 MP: 31/31
 31179 | Spider:1 | Offered knowledge of Iskenderun's Battlesphere by Vehumet.
 31187 | Spider:1 | Learned a level 5 spell: Iskenderun's Battlesphere
 31357 | Spider:1 | Identified the +2 long sword of Iroklis {antimagic, Int+3}
 32365 | Spider:2 | Noticed Aizul
 32372 | Spider:2 | Noticed Arachne
 32394 | Spider:1 | Killed Aizul
 32787 | Spider:2 | Killed Arachne
 32911 | Spider:2 | Identified the +6 battleaxe of Joggott {flame, rF- MP+9
                  | Dex+7}
 33115 | Spider:2 | Reached ****** piety under Vehumet
 33316 | Spider:2 | HP: 1/103 [something (7)]
 33316 | Spider:2 | Demolished by a culicivora

Illustrated notes

Levels and vault maps discovered:
D:1:      dpeg_arrival_orchard, layout_rooms,
          shapermc_ecumenical_altar_acropolis
D:2:      layout_loops_ring
D:3:      cheibrodos_greedy_goblins, layout_rooms, gup_sewer_entry_pipe,
          interstate_on_off, grunt_decor_fettered, guppyfry_early_lair_pool
D:4:      layout_rooms, minmay_temple_entry_junction, uniq_eustachio,
          uniq_sigmund
D:5:      layout_cave_pools, okawaru_ov_weapons_minmay,
          gammafunk_ghost_necromancy, serial_column_ruins,
          column_ruins_square_medium, column_ruins_hut_ruined,
          column_ruins_corridor_corner, column_ruins_columns_straight,
          column_ruins_grid_4, uniq_menkaure
D:6:      layout_basic, grunt_temple_overflow_order_and_chaos_2,
          lemuel_doored_altar, lemuel_coloured_pillars_altar
D:7:      layout_loops_corners, mainiacjoe_overflow_catwalk,
          gammafunk_ghost_icy, serial_shops, nicolae_shop_crystal,
          grunt_ministairs_15
D:8:      layout_cave_pools, lemuel_zombie_altar_yredelemnul, dpeg_oklobed_lair,
          serial_bayou_crossing
D:9:      layout_irregular_city, trog_ov_bears_minmay, marbit_many_paths,
          elyvilon_altar_5, nicolae_wu_jian_immortal_techniques,
          amcnicky_altar_lugonu_corruption
D:10:     layout_stronghold, minmay_beelzebubs_servants, uniq_joseph,
          uniq_fannar
D:11:     layout_basic, orc_0_dummy, serial_shops,
          nicolae_shop_competitors_out_of_business, uniq_erolcha, uniq_lodul
D:12:     argonaut_augean_stables, layout_basic, gammafunk_ghost_grave,
          serial_shops, nicolae_inconvenience_store, uniq_urug
D:13:     layout_cave_pools, david_vaults_2, serial_ice, serial_ice_l,
          serial_ice_b, serial_ice_o, serial_ice_c
Temple:   nicolae_temple_ecumenical_triangle
Lair:1:   minmay_lair_oklob_chamber, layout_loops_ring,
          chequers_serial_rivers_large_a, chequers_serial_rivers_marsh
Lair:2:   layout_roguey, nicolae_spider_entry_orb_guardian, lemuel_fruit_tree
Lair:3:   layout_hall_layers, palyth_hydra_swamp_entry, grunt_megastairs_3,
          infiniplex_staircase_pool, uniq_prince_ribbit2
Lair:4:   layout_misc_corridors, slime_entry_1
Lair:5:   minmay_lair_end_enchanted_forest, layout_gridlike
Swamp:1:  layout_basic_swamp, nicolae_swamp_dense_foliage, swamp_pool3
Swamp:2:  layout_basic_swamp, evilmike_swamp_ruin_house_3
Spider:1: layout_spider_delve, nicolae_crawler_farm
Spider:2: layout_spider_delve, uniq_arachne, uniq_aizul
Spider:3: layout_spider_delve
Orc:1:    layout_diamond_mine, uniq_josephine, uniq_gastronok
Orc:2:    grunt_orc_gardens, layout_caves, grunt_orc_garden, grunt_orc_garden,
          grunt_orc_garden, grunt_orc_garden, nicolae_volcano_entry_vermiform

Skill      XL: |  1  2  3  4  5  6  7  8  9 10 11 12 13 14 15 16 |
---------------+-------------------------------------------------+-----
Transmutations | 1 2 3 4 |  4.0
Earth Magic    | 4 5 6 7 8 9 10 | 10.8
Spellcasting   | 3 4 5 6 7 8 9 10 11 | 11.4
Conjurations   | 1 2 3 4 5 6 7 8 9 10 11 | 11.2
Fighting       | 1 3 4 5 7 8 10 12 | 12.5
Long Blades    | 1 2 3 4 6 7 8 9 10 | 10.5
Dodging        | 2 3 4 5 6 7 8 9 |  9.8
Stealth        | 3 4 5 7 8 9 |  9.4
Fire Magic     | 2 4 |  4.0
Hexes          | 2 4 |  4.0
Translocations | 2 3 |  3.9
Shields        | 1 4 5 |  5.9
Short Blades   | |  0.2

Action                   |  1- 3 |  4- 6 |  7- 9 | 10-12 | 13-15 | 16-18 || total
-------------------------+-------+-------+-------+-------+-------+-------++-------
Melee: Club              |    15 |       |       |       |       |       ||    15
       Punch             |     1 |       |       |     1 |       |       ||     2
       Dagger            |    39 |    49 |       |       |       |    15 ||   103
       Short sword       |       |    18 |    42 |    38 |   384 |       ||   482
       Scimitar          |       |       |       |       |   161 |   126 ||   287
 Cast: Sandblast         |    20 |    70 |    88 |    26 |       |       ||   204
       Stone Arrow       |       |     4 |    24 |   214 |   564 |   105 ||   911
       Magic Dart        |       |       |    54 |   109 |    69 |       ||   232
       Flame Wave        |       |       |       |     6 |     6 |       ||    12
       Petrify           |       |       |       |     1 |     8 |       ||     9
       Irradiate         |       |       |       |     3 |    33 |     4 ||    40
       Yara's Violent Un |       |       |       |       |     3 |       ||     3
       Passage of Golubr |       |       |       |       |     3 |       ||     3
       Inner Flame       |       |       |       |       |    16 |     1 ||    17
       Lee's Rapid Decon |       |       |       |       |     8 |       ||     8
       Passwall          |       |       |       |       |     3 |       ||     3
       Iskenderun's Batt |       |       |       |       |       |     8 ||     8
  Use: Scroll            |     5 |       |     7 |     5 |    14 |     4 ||    35
       Potion            |       |       |       |     1 |     2 |       ||     3
 Stab: Sleeping          |     6 |       |     2 |       |    11 |     2 ||    21
       Petrified         |       |       |       |       |     1 |       ||     1
       Distracted        |       |       |       |       |     1 |       ||     1
Armor: Robe              |     7 |    17 |    29 |    57 |   174 |    98 ||   382
       Leather armour    |       |       |       |       |    12 |       ||    12
Dodge: Dodged            |    21 |    49 |    27 |   126 |   358 |    97 ||   678
Block: Other             |     7 |    16 |     9 |    45 |    26 |       ||   103
       Reflection        |       |       |       |     3 |    12 |     1 ||    16
       Buckler           |       |       |       |       |   330 |   117 ||   447
